 Dungeon Crawl Stone Soup version 0.28-a0-305-g9e858e973b (webtiles) character file.

Game seed: 17528884568712871998

14 jasper the Chopper (level 2, 0/24 HPs)
             Began as a Demonspawn Cinder Acolyte on Aug 29, 2021.
             Was a High Priest of Ignis.
             Succumbed to an adder's poison
             ... on level 3 of the Dungeon.
             The game lasted 00:01:54 (802 turns).

jasper the Chopper (Demonspawn Cinder Acolyte)       Turns: 802, Time: 00:01:54

Health: 0/24       AC:  2    Str: 15    XL:     2   Next: 31%
Magic:  3/3        EV: 11    Int: 14    God:    Ignis [*****.]
Gold:   20         SH:  0    Dex:  8    Spells: 2/3 levels left

rFire   + . .      SeeInvis .   a - -1 hand axe (flame)
rCold   . . .      Faith    .   (no shield)
rNeg    . . .      Spirit   .   b - +0 robe
rPois   .          Reflect  .   (no helmet)
rElec   .          Harm     .   (no cloak)
rCorr   .          Rampage  .   (no gloves)
Will    .....                   (no boots)
Stlth   +.........              (no amulet)
HPRegen 0.08/turn               (no ring)
MPRegen 0.08/turn               (no ring)

@: lethally poisoned (0 -> -3)
A: sturdy frame 1
a: Renounce Religion, Sea of Fire, Foxfire Swarm, Rising Flame


You were on level 3 of the Dungeon.
You worshipped Ignis.
Ignis was extremely pleased with you.
You visited 1 branch of the dungeon, and saw 3 of its levels.

You collected 20 gold pieces.

Inventory:

Hand Weapons
 a - a -1 hand axe of flaming (weapon)
Missiles
 c - a throwing net
 e - 27 stones
Armour
 b - a +0 robe (worn)
Scrolls
 f - a scroll of identify {unknown}


   Skills:
 - Level 3.0 Fighting
 * Level 3.4 Axes
 + Level 0.1 Dodging
 - Level 1.0 Spellcasting
 - Level 0.8 Fire Magic


You had 2 spell levels left.
You knew the following spells:

 Your Spells              Type           Power      Damage    Failure   Level
a - Foxfire               Conj/Fire      4%         2x1d4     22%         1

Your spell library contained the following spells:

 Spells                   Type           Power      Damage    Failure   Level


Dungeon Overview and Level Annotations

Branches:
Dungeon (3/15)

Altars:


Innate Abilities, Weirdness & Mutations

Your movements are slightly less encumbered by armour. (ER -2)


Message History

The adder is heavily wounded.
You feel sick. The adder bites you.
You take 4 damage, and have 16/24 hp.
You barely miss the adder.
The adder is heavily wounded.
You feel sick. The adder closely misses you. x2
You take 2 damage, and have 14/24 hp.
You barely miss the adder.
The adder is heavily wounded.
You feel sick. The adder bites you.
You are more poisoned.
The adder poisons you!
You take 4 damage, and have 10/24 hp.
You hit the adder but do no damage.
The adder is heavily wounded.
You feel sick. The adder bites you.
* * * LOW HITPOINT WARNING * * *
You take 6 damage, and have 4/24 hp.
MASSIVE DAMAGE!!
You aren't carrying any potions.
Blink to where?
Press: ? - help, Dir - move target
As you read the scroll labelled MIGEKE FASTRE, it crumbles to dust.
It was a scroll of blinking.
* * * LOW HITPOINT WARNING * * *
You feel sick.
A dart slug comes into view.
You take 1 damage, and have 3/24 hp.
* * * LOW HITPOINT WARNING * * *
You feel sick. The adder bites you.
* * * LOW HITPOINT WARNING * * *
You climb downwards.
* * * LOW HITPOINT WARNING * * *
You feel sick.
Found a quarterstaff.
There is a stone staircase leading up here.
You take 2 damage, and have 1/24 hp.
Unknown command.
You hit the adder. You burn the adder.
The adder is almost dead.
You die...

......#
#...).#
.....######
.........#
#........#
#........#
#........#
+..@.....#
#.S......#
#........#
#..........
#........#.
...........
.#########..
.. ..


You could see an adder.

Vanquished Creatures
  4 bats
  An endoplasm (D:1)
  2 giant cockroaches (D:1)
  3 hobgoblins (D:1)
  A quokka (D:1)
  A frilled lizard (D:1)
12 creatures vanquished.

Notes
Turn   | Place    | Note
-------+----------+-------------------------------------------
     0 | D:1      | jasper the Demonspawn Cinder Acolyte began the quest for
                  | the Orb.
     0 | D:1      | Reached XP level 1. HP: 18/18 MP: 2/2
   535 | D:1      | Gained mutation: Your movements are slightly less
                  | encumbered by armour. (ER -2) [demonic ancestry]
   535 | D:1      | Reached XP level 2. HP: 24/24 MP: 3/3
   800 | D:2      | HP: 1/24 [adder (1)]
   802 | D:3      | Succumbed to an adder's poison

Illustrated notes

Levels and vault maps discovered:
D:1:      erik_arrival_triangle_large, layout_basic
D:2:      layout_basic, hellmonk_ecumenical_altar_zigzags, serial_aquarium,
          aquarium_bridge_straight [aquarium_subvault_bridge,
          aquarium_subvault_wall, aquarium_subvault_bridge,
          aquarium_subvault_balcony], aquarium_window_double, aquarium_window_1,
          aquarium_window_fake, aquarium_window_1, aquarium_view_2e,
          aquarium_view_2b, aquarium_pool_corner
D:3:      layout_basic, lemuel_round_altar, kennysheep_orc_sif_temple,
          lemuel_tele_altar

Skill      XL: |  1 |
---------------+----+-----
Axes           | 3 |  3.4
Fighting       | |  3.0
Dodging        | |  0.1
Spellcasting   | |  1.0
Fire Magic     | |  0.8

Action                   || total
-------------------------++-------
Melee: Hand axe          ||    52
  Use: Scroll            ||     1
Armor: Robe              ||    18
Dodge: Dodged            ||    43

Table legend: (Time is in decaauts)
 A = Elapsed time spent in this place.
 B = Non-inter-level travel time spent in this place.
 C = Inter-level travel time spent in this place.
 D = Time resting spent in this place.
 E = Time spent auto-exploring this place.
 F = Levels seen in this place.
 G = Mean time per level.
                   A        B        C        D        E       F      G
               +--------+--------+--------+--------+--------+-----+--------+
         Total |    809 |    804 |      5 |     89 |    588 |   3 |  269.7 |
       Dungeon |    809 |    804 |      5 |     89 |    588 |   3 |  269.7 |
               +--------+--------+--------+--------+--------+-----+--------+

Top non-repeatable levels by time:
     D:1: 794 daAuts
     D:2: 13 daAuts
     D:3: 0 daAuts
